 Dungeon Crawl Stone Soup version 0.19.0-18-g426998a (webtiles) character file.

285 kuniqs the Ruffian (level 6, -4/59 HPs)
             Began as a Troll Fighter on Nov 11, 2016.
             Slain by a gnoll
             ... wielding a +0 halberd
              (9 damage)
             ... on level 4 of the Dungeon.
             The game lasted 00:04:58 (2531 turns).

kuniqs the Ruffian (Troll Fighter)                  Turns: 2531, Time: 00:04:59

Health: -4/59      AC:  5    Str: 25    XL:     6   Next: 7%
Magic:  5/5        EV:  9    Int:  4    God:
Gold:   126        SH:  9    Dex: 11    Spells: 0 memorised, 5 levels left

rFire  . . .     SeeInvis .       - Unarmed
rCold  . . .     Gourm    +     a - +0 robe
rNeg   . . .     Faith    .     b - +0 shield
rPois  .         Spirit   .     (helmet restricted)
rElec  .         Reflect  .     (no cloak)
rCorr  .         Harm     .     (gloves unavailable)
MR     .....                    (boots unavailable)
Stlth  +.........               (no amulet)
                                (no ring)
                                (no ring)

@: no status effects
A: unfitting armour, claws 3, fast metabolism 3, gourmand, regeneration 1,
shaggy fur 1, tough skin 2
a: no special abilities


You were on level 4 of the Dungeon.
You were completely stuffed.

You visited 1 branch of the dungeon, and saw 4 of its levels.

You collected 126 gold pieces.

Inventory:

Missiles
 g - 3 curare-tipped needles
 k - a throwing net (quivered)
 u - 7 tomahawks
 x - 2 javelins
Armour
 a - a +0 robe (worn)
 b - a +0 shield (worn)
Wands
 r - a wand of slowing (36/48)
Scrolls
 e - 2 scrolls of remove curse {@r2}
 h - a scroll of enchant armour {unknown}
 l - a scroll of noise {unknown}
 m - a scroll of blinking {unknown}
 n - a scroll of immolation {unknown}
 o - 3 scrolls of identify {unknown}
 v - a scroll of recharging {unknown}
 y - a scroll of magic mapping {unknown}
Potions
 c - a potion of might
 f - 2 potions of flight {unknown}
 i - a potion of beneficial mutation {unknown}
 j - a potion of curing {unknown}
 p - a potion of haste {unknown}
 q - a potion of heal wounds {unknown}
 s - a potion of ambrosia {unknown}
 t - 2 potions of agility {unknown}
 A - a potion of berserk rage {unknown}
Comestibles
 d - 5 bread rations
 w - a meat ration
 z - 2 chunks of flesh


   Skills:
 - Level 2.4 Fighting
 - Level 2.4 Dodging
 + Level 4.3 Shields
 + Level 4.7 Unarmed Combat


You had 5 spell levels left.
You didn't know any spells.

Dungeon Overview and Level Annotations

Branches:
Dungeon (4/15)
 Temple: D:4-7

Altars:
Ashenzari
Uskayaw
The Shining One


Innate Abilities, Weirdness & Mutations

You are too large for most types of armour.
You have claws for hands.
Your metabolism is lightning-fast.
You like to eat raw meat.
Your natural rate of healing is unusually fast.
You are covered in fur. (AC +1)
You have very tough skin. (AC +2)


Message History

You struggle against the net.
The gnoll barely misses you.
The gnoll hits you from afar with a halberd!
* * * LOW HITPOINT WARNING * * *
The gnoll barely misses you. The gnoll hits you but does no damage.
You struggle against the net.
The gnoll hits you.
* * * LOW HITPOINT WARNING * * *
The gnoll barely misses you. The gnoll hits you but does no damage.
The gnoll hits you from afar with a spear.
* * * LOW HITPOINT WARNING * * *
You struggle against the net.
The gnoll barely misses you.
The orc hits you with a hand axe of freezing.
* * * LOW HITPOINT WARNING * * *
The orc freezes you.
* * * LOW HITPOINT WARNING * * *
The gnoll barely misses you. The gnoll hits you.
* * * LOW HITPOINT WARNING * * *
The gnoll barely misses you.
You shred the net and break free!
The gnoll hits you from afar with a halberd!
You die...

......#.. .....
......#.........
....!.w.........
......#.........
..#..........(
..#.#.... #.#.#..#
#o#.#..####.#
#g#.g@......#
...#.#.#ggo.######
........{g...#
...?..#...####
....###...# )..
#...# .. .(..# .
..##.# ... #.≈


You could see 4 gnolls and an orc.

Vanquished Creatures
  A howler monkey (D:3)
  A centaur skeleton (D:4)
  A gnoll shaman (D:4)
  The ghost of dysrexia the Sneak, a weakling FeWz (D:3)
  A hound skeleton (D:4)
  A gnoll (D:3)
  6 adders
  3 leopard geckos
  5 orcs
  12 bats
  A giant cockroach (D:2)
  5 goblins
  9 hobgoblins
  11 jackals
  3 kobolds
  A quokka (D:3)
  2 ball pythons (D:3)
  7 frilled lizards
  A jackal skeleton (D:4)
  9 rats
81 creatures vanquished.

Notes
Turn   | Place    | Note
-------+----------+-------------------------------------------
     0 | D:1      | kuniqs the Troll Fighter began the quest for the Orb.
     0 | D:1      | Reached XP level 1. HP: 22/22 MP: 0/0
   156 | D:1      | Reached XP level 2. HP: 29/29 MP: 1/1
   552 | D:1      | Reached XP level 3. HP: 36/36 MP: 2/2
   559 | D:2      | Noticed a hand axe
   560 | D:2      | Noticed a dagger
   691 | D:2      | Found a hide-covered altar of Uskayaw.
  1021 | D:2      | Found a glowing golden altar of the Shining One.
  1159 | D:2      | Found a shattered altar of Ashenzari.
  1719 | D:3      | Reached XP level 4. HP: 42/44 MP: 3/3
  1830 | D:4      | Reached XP level 5. HP: 45/50 MP: 4/4
  2091 | D:3      | Noticed dysrexia's ghost (weakling FeWz)
  2138 | D:3      | Killed dysrexia's ghost
  2521 | D:4      | Reached XP level 6. HP: 38/59 MP: 5/5
  2531 | D:4      | Slain by a gnoll

Skill      XL: |  1  2  3  4  5 |
---------------+----------------+-----
Shields        | 3 4 |  4.3
Unarmed Combat | 3 4 |  4.7
Fighting       | |  2.4
Dodging        | |  2.4

Action                   |  1- 3 |  4- 6 || total
-------------------------+-------+-------++-------
Melee: Unarmed           |   131 |    89 ||   220
  Use: Scroll            |     1 |       ||     1
 Stab: Sleeping          |     1 |       ||     1
  Eat: Chunk             |    21 |     8 ||    29
Armor: Robe              |    40 |    25 ||    65
Dodge: Dodged            |    47 |    38 ||    85
Block: Shield            |    67 |    41 ||   108
